[ AOE2 MATCH · #504554126 ]
UnrankedBengalis vs Malay
Player's team · WIN
Rival team · LOSS
[ REPLAY ANALYSIS · EXTRACTED FROM THE RECORDED GAME ]
Feudal
10:23
Castle
17:22
Imperial
—
| APM avg | 27.7 |
| APM peak | 66 |
| eAPM avg | 14.9 |
| Villagers / military | 47 / 14 |
Focus
⚔️ 18.7% · 🌾 81.3%
Monk ×11 · Armored Elephant ×2 · Mangonel ×1
Feudal
8:40
Castle
21:42
Imperial
—
| APM avg | 33.9 |
| APM peak | 80 |
| eAPM avg | 15.8 |
| Villagers / military | 50 / 0 |
Focus
⚔️ 27.3% · 🌾 72.7%
Match map
Initial resources + every placement click. Lines = walls · curves = elevation contours. ◆ gold · ⬟ stone · ● berries · ✦ relic · ◌ wall gap
Your base· ✓ Closed at 17:22 · 5t walls · 2 gate(s)
DL | Nato's base· ✓ Closed at 21:42 · 44t walls · 4 gate(s)
Smoothed initial terrain · ◌ = detected wall gap · hover for details
Inputs per minute
— dekster - - DL | Nato
Build order — dekster
95 actions detected in the replay
| 0:01 | Queue | Villager (Male) |
| 0:02 | Queue | Villager (Male) |
| 0:02 | Queue | Villager (Male) |
| 0:04 | Build | House |
| 0:04 | Queue | Villager (Male) |
| 0:05 | Queue | Villager (Male) |
| 0:06 | Build | House |
| 1:18 | Queue | Villager (Male) |
| 1:19 | Queue | Villager (Male) |
| 1:52 | Queue | Villager (Male) |
| 1:52 | Queue | Villager (Male) |
| 2:33 | Build | Lumber Camp |
| 2:40 | Queue | Villager (Male) |
| 2:40 | Queue | Villager (Male) |
| 2:40 | Queue | Villager (Male) |
| 3:04 | Queue | Villager (Male) |
| 3:14 | Queue | Villager (Male) |
| 3:54 | Build | House |
| 3:56 | Build | House |
| 4:16 | Queue | Villager (Male) |
| 4:16 | Queue | Villager (Male) |
| 4:43 | Build | Mill |
| 4:47 | Queue | Villager (Male) |
| 4:48 | Queue | Villager (Male) |
| 5:17 | Queue | Villager (Male) |
| 5:18 | Queue | Villager (Male) |
| 5:18 | Queue | Villager (Male) |
| 5:49 | Queue | Villager (Male) |
| 5:49 | Queue | Villager (Male) |
| 6:21 | Queue | Villager (Male) |
| 6:44 | Queue | Villager (Male) |
| 7:05 | Queue | Villager (Male) |
| 7:11 | Build | House |
| 7:54 | Build | Mining Camp |
| 8:13 | Research | Feudal Age |
| 8:14 | Research | Loom |
| 8:43 | Queue | Villager (Male) |
| 9:14 | Queue | Villager (Male) |
| 9:22 | Build | Mining Camp |
| 9:35 | Build | House |
| 9:38 | Build | House |
| 9:42 | Build | Palisade Wall |
| 9:47 | Queue | Villager (Male) |
| 9:47 | Queue | Villager (Male) |
| 10:15 | Build | Palisade Wall |
| 10:23 | Queue | Villager (Male) |
| 10:23 | Age | Feudal Age |
| 10:30 | Build | Market |
| 10:40 | Build | Watch Tower |
| 10:48 | Queue | Villager (Male) |
| 11:45 | Build | Watch Tower |
| 11:50 | Build | House |
| 12:00 | Queue | Villager (Male) |
| 12:37 | Queue | Villager (Male) |
| 12:50 | Queue | Villager (Male) |
| 13:14 | Build | House |
| 13:53 | Build | Blacksmith |
| 14:30 | Queue | Villager (Male) |
| 14:30 | Queue | Villager (Male) |
| 14:42 | Research | Castle Age |
| 16:04 | Queue | Villager (Male) |
| 16:18 | Build | House |
| 17:11 | Queue | Villager (Male) |
| 17:11 | Queue | Villager (Male) |
| 17:22 | Age | Castle Age |
| 17:54 | Queue | Villager (Male) |
| 17:55 | Queue | Villager (Male) |
| 18:31 | Build | Monastery |
| 18:42 | Build | Siege Workshop |
| 18:49 | Queue | Villager (Male) |
| 18:49 | Queue | Villager (Male) |
| 19:12 | Queue | Villager (Male) |
| 19:58 | Build | Lumber Camp |
| 20:07 | Queue | Mangonel |
| 20:17 | Queue | Monk |
| 20:18 | Research | Sanctity |
| 20:21 | Queue | Monk |
| 20:21 | Queue | Monk |
| 20:31 | Build | Farm |
| 20:31 | Build | Farm |
| 20:32 | Build | Farm |
| 20:32 | Build | Farm |
| 20:50 | Build | Watch Tower |
| 21:32 | Build | Monastery |
| 21:35 | Build | Mining Camp |
| 21:39 | Queue | Monk |
| 21:39 | Queue | Monk |
| 22:04 | Queue | Villager (Male) |
| 22:04 | Queue | Villager (Male) |
| 22:26 | Queue | Armored Elephant |
| 22:27 | Queue | Armored Elephant |
| 22:59 | Queue | Monk |
| 22:59 | Queue | Monk ×3 |
| 23:26 | Queue | Monk |
| 23:26 | Queue | Monk |
Build order — DL | Nato
First 150 of 152 actions detected
| 0:05 | Queue | Villager (Male) |
| 0:05 | Queue | Villager (Male) |
| 0:05 | Queue | Villager (Male) |
| 0:05 | Queue | Villager (Male) |
| 0:06 | Queue | Villager (Male) |
| 0:07 | Build | House |
| 0:09 | Build | House |
| 1:29 | Queue | Villager (Male) |
| 1:51 | Build | Lumber Camp |
| 2:05 | Queue | Villager (Male) |
| 2:24 | Queue | Villager (Male) |
| 2:25 | Queue | Villager (Male) |
| 2:50 | Queue | Villager (Male) |
| 2:51 | Queue | Villager (Male) |
| 3:10 | Queue | Villager (Male) |
| 3:27 | Build | House |
| 3:37 | Queue | Villager (Male) |
| 3:56 | Queue | Villager (Male) |
| 4:03 | Queue | Villager (Male) |
| 4:42 | Build | Mill |
| 5:06 | Build | House |
| 5:17 | Queue | Villager (Male) |
| 5:17 | Queue | Villager (Male) |
| 5:18 | Queue | Villager (Male) |
| 5:18 | Queue | Villager (Male) |
| 5:19 | Research | Loom |
| 7:03 | Research | Feudal Age |
| 7:36 | Build | Mining Camp |
| 8:23 | Queue | Villager (Male) |
| 8:40 | Age | Feudal Age |
| 8:43 | Build | Watch Tower |
| 8:52 | Research | Double-Bit Axe |
| 8:53 | Research | Horse Collar |
| 8:55 | Queue | Villager (Male) |
| 9:18 | Queue | Villager (Male) |
| 9:23 | Build | Farm |
| 9:47 | Queue | Villager (Male) |
| 9:51 | Build | Farm |
| 9:59 | Build | House |
| 10:03 | Queue | Villager (Male) |
| 10:21 | Build | Farm |
| 10:29 | Queue | Villager (Male) |
| 10:33 | Research | Town Watch |
| 10:33 | Research | Town Watch |
| 10:44 | Queue | Villager (Male) |
| 10:48 | Build | Farm |
| 11:27 | Queue | Villager (Male) |
| 11:50 | Queue | Villager (Male) |
| 11:57 | Build | Watch Tower |
| 12:21 | Queue | Villager (Male) |
| 12:24 | Build | Farm |
| 13:02 | Build | Stone Wall |
| 13:16 | Build | Stone Wall |
| 13:19 | Build | Stone Wall |
| 13:21 | Build | Stone Wall |
| 13:23 | Build | Stone Wall |
| 13:25 | Build | Stone Wall |
| 13:26 | Build | Stone Wall |
| 13:43 | Build | Stone Wall |
| 13:47 | Build | Stone Wall |
| 13:49 | Build | Stone Wall |
| 13:52 | Build | Stone Wall |
| 14:10 | Queue | Villager (Male) |
| 14:11 | Queue | Villager (Male) |
| 14:26 | Build | Stone Wall |
| 14:28 | Build | Stone Wall |
| 14:30 | Build | Stone Wall |
| 14:31 | Build | Stone Wall |
| 14:41 | Build | Stone Wall |
| 14:43 | Build | Stone Wall |
| 14:47 | Build | Stone Wall |
| 14:54 | Build | Stone Wall |
| 14:59 | Build | Stone Wall |
| 15:05 | Queue | Villager (Male) |
| 15:06 | Queue | Villager (Male) |
| 15:08 | Build | Farm |
| 15:10 | Build | Farm |
| 15:11 | Build | Farm |
| 15:13 | Queue | Villager (Male) |
| 15:34 | Build | Outpost |
| 15:35 | Queue | Villager (Male) |
| 15:38 | Build | Farm |
| 15:40 | Queue | Villager (Male) |
| 15:58 | Build | Stone Wall |
| 15:59 | Build | Stone Wall |
| 16:00 | Build | Stone Wall |
| 16:03 | Build | Stone Wall |
| 16:04 | Build | Stone Wall |
| 16:07 | Build | Stone Wall |
| 16:15 | Build | Stone Wall |
| 16:17 | Build | Stone Wall |
| 16:21 | Build | Stone Wall |
| 16:26 | Build | Stone Wall |
| 16:28 | Build | Stone Wall |
| 16:30 | Build | Stone Wall |
| 16:32 | Build | Stone Wall |
| 16:42 | Build | House |
| 16:47 | Build | Market |
| 16:49 | Build | Farm |
| 16:49 | Build | Farm |
| 16:49 | Build | Farm |
| 16:51 | Queue | Villager (Male) |
| 16:51 | Queue | Villager (Male) |
| 16:51 | Queue | Villager (Male) |
| 17:13 | Build | Stone Wall |
| 17:14 | Build | Stone Wall |
| 17:17 | Build | Stone Wall |
| 17:19 | Build | Stone Wall |
| 17:25 | Queue | Villager (Male) |
| 17:32 | Build | Mining Camp |
| 17:36 | Build | Blacksmith |
| 17:42 | Build | Farm |
| 17:45 | Build | Farm |
| 18:28 | Build | Gate |
| 18:45 | Build | Gate |
| 18:57 | Build | Stone Wall |
| 19:01 | Build | Stone Wall |
| 19:12 | Build | Stone Wall |
| 19:16 | Build | Stone Wall |
| 19:19 | Build | Stone Wall |
| 19:20 | Build | Stone Wall |
| 19:22 | Build | Stone Wall |
| 19:23 | Build | Stone Wall |
| 19:41 | Queue | Villager (Male) |
| 19:43 | Research | Castle Age |
| 19:51 | Queue | Villager (Male) |
| 20:13 | Build | House |
| 20:19 | Build | House |
| 20:27 | Build | Outpost |
| 20:33 | Build | Watch Tower |
| 20:35 | Queue | Villager (Male) |
| 20:47 | Build | Farm |
| 20:48 | Build | Farm |
| 21:04 | Build | Outpost |
| 21:06 | Build | Outpost |
| 21:14 | Build | Farm |
| 21:23 | Queue | Villager (Male) |
| 21:24 | Research | Wheelbarrow |
| 21:33 | Build | House |
| 21:34 | Build | House |
| 21:42 | Age | Castle Age |
| 21:59 | Build | Town Center |
| 22:05 | Queue | Villager (Male) |
| 22:16 | Build | Siege Workshop |
| 22:24 | Build | Stone Wall |
| 22:31 | Build | Stone Wall |
| 23:03 | Queue | Villager (Male) |
| 23:03 | Queue | Villager (Male) |
| 23:04 | Queue | Villager (Male) |
| 23:22 | Build | Stone Wall |
Match timeline
| 8:40 | DL | Nato · age_up feudal |
| 9:42 | dekster · wall_segment Palisade Wall x1 |
| 10:15 | dekster · wall_segment Palisade Wall x4 |
| 10:23 | dekster · age_up feudal |
| 13:02 | DL | Nato · wall_segment Stone Wall x1 |
| 13:16 | DL | Nato · wall_segment Stone Wall x1 |
| 13:19 | DL | Nato · wall_segment Stone Wall x1 |
| 13:21 | DL | Nato · wall_segment Stone Wall x1 |
| 13:23 | DL | Nato · wall_segment Stone Wall x1 |
| 13:25 | DL | Nato · wall_segment Stone Wall x1 |
| 13:26 | DL | Nato · wall_segment Stone Wall x1 |
| 13:43 | DL | Nato · wall_segment Stone Wall x1 |
| 13:47 | DL | Nato · wall_segment Stone Wall x1 |
| 13:49 | DL | Nato · wall_segment Stone Wall x1 |
| 13:52 | DL | Nato · wall_segment Stone Wall x1 |
| 14:26 | DL | Nato · wall_segment Stone Wall x1 |
| 14:28 | DL | Nato · wall_segment Stone Wall x1 |
| 14:30 | DL | Nato · wall_segment Stone Wall x1 |
| 14:31 | DL | Nato · wall_segment Stone Wall x1 |
| 14:41 | DL | Nato · wall_segment Stone Wall x1 |
| 14:43 | DL | Nato · wall_segment Stone Wall x1 |
| 14:47 | DL | Nato · wall_segment Stone Wall x1 |
| 14:54 | DL | Nato · wall_segment Stone Wall x1 |
| 14:59 | DL | Nato · wall_segment Stone Wall x1 |
| 15:58 | DL | Nato · wall_segment Stone Wall x1 |
| 15:59 | DL | Nato · wall_segment Stone Wall x1 |
| 16:00 | DL | Nato · wall_segment Stone Wall x1 |
| 16:03 | DL | Nato · wall_segment Stone Wall x1 |
| 16:04 | DL | Nato · wall_segment Stone Wall x1 |
| 16:07 | DL | Nato · wall_segment Stone Wall x1 |
| 16:15 | DL | Nato · wall_segment Stone Wall x1 |
| 16:17 | DL | Nato · wall_segment Stone Wall x1 |
| 16:21 | DL | Nato · wall_segment Stone Wall x1 |
| 16:26 | DL | Nato · wall_segment Stone Wall x1 |
| 16:28 | DL | Nato · wall_segment Stone Wall x1 |
| 16:30 | DL | Nato · wall_segment Stone Wall x1 |
| 16:32 | DL | Nato · wall_segment Stone Wall x1 |
| 17:13 | DL | Nato · wall_segment Stone Wall x1 |
| 17:14 | DL | Nato · wall_segment Stone Wall x1 |
| 17:17 | DL | Nato · wall_segment Stone Wall x1 |
| 17:19 | DL | Nato · wall_segment Stone Wall x1 |
| 17:22 | dekster · age_up castle |
| 18:31 | dekster · first_building Monastery |
| 18:42 | dekster · first_building Siege Workshop |
| 18:57 | DL | Nato · wall_segment Stone Wall x1 |
| 19:01 | DL | Nato · wall_segment Stone Wall x1 |
| 19:12 | DL | Nato · wall_segment Stone Wall x1 |
| 19:16 | DL | Nato · wall_segment Stone Wall x1 |
| 19:19 | DL | Nato · wall_segment Stone Wall x1 |
| 19:20 | DL | Nato · wall_segment Stone Wall x1 |
| 19:22 | DL | Nato · wall_segment Stone Wall x1 |
| 19:23 | DL | Nato · wall_segment Stone Wall x1 |
| 20:42 | dekster · first_market_buy 100 stone |
| 21:42 | DL | Nato · age_up castle |
| 22:16 | DL | Nato · first_building Siege Workshop |
| 22:24 | DL | Nato · wall_segment Stone Wall x11 |
| 22:31 | DL | Nato · wall_segment Stone Wall x9 |
| 23:22 | DL | Nato · wall_segment Stone Wall x7 |
| 23:54 | DL | Nato · resign |
[ AI ANALYSIS · 1 CREDIT ]
What really happened in this match?
Wolo.gg analyzes every decision: build order, eco, micro, common mistakes by bracket. Personalized analysis on WhatsApp or Discord in 30 seconds.
Civ guide
Bengalis
Perfil
Jugador #5103165